 Dungeon Sprint DCSS version 0.20.1-1-g8b1a95d (webtiles) character file.

79 potatolord6000 the Vexing (level 4, -15/36 HPs)
             Began as a Formicid Arcane Marksman on Sept 7, 2017.
             Was a Believer of Sif Muna.
             Engulfed by a cloud of flame (18 damage)
             ... in the Dungeon (Sprint VII: "The Pits").
             The game lasted 00:04:29 (447 turns).

potatolord6000 the Vexing (Formicid Arcane Marksman) Turns: 447, Time: 00:04:32

Health: -15/36     AC:  8    Str: 14    XL:     4   Next: 64%
Magic:  3/8        EV: 11    Int: 13    God:    Sif Muna [**....]
Gold:   0          SH:  0    Dex: 12    Spells: 2/9 levels left

rFire    . . .     SeeInvis +   a - +0 shortbow
rCold    . . .     Gourm    .   (no shield)
rNeg     . . .     Faith    .   e - +3 ring mail
rPois    .         Spirit   .   (helmet unavailable)
rElec    .         Reflect  .   (no cloak)
rCorr    .         Harm     .   (no gloves)
MR       .....                  (no boots)
Stlth    +.........             (no amulet)
Regen    0.2/turn               (no ring)
MPRegen  0.2/turn               (no ring)

@: no status effects
A: permanent stasis, dig shafts and tunnels, four strong arms, antennae 3
a: Dig, Divine Energy, Renounce Religion


You were in the Dungeon.
You worshipped Sif Muna.
Sif Muna was pleased with you.
You were not hungry.

You visited 1 branch

Inventory:

Hand Weapons
 a - a +0 shortbow (weapon)
Missiles
 d - 11 arrows (quivered)
Armour
 e - a +3 ring mail (worn)
Magical Staves
 r - an uncursed staff of energy
Scrolls
 m - 2 scrolls of remove curse
 n - 5 scrolls of amnesia
 o - a scroll of summoning
Potions
 b - 2 potions of invisibility
 g - 5 potions of curing
 h - 5 potions of heal wounds
 i - 4 potions of magic
Books
 c - a book of Debilitation

   Spells                             Type                      Level
   a - Corona                         Hexes                        1
   b - Slow                           Hexes                        2
   c - Inner Flame                    Hexes/Fire                   3
   d - Portal Projectile              Hexes/Translocation          3
   e - Cause Fear                     Hexes                        4
   f - Leda's Liquefaction            Hexes/Earth                  4
Comestibles
 f - 8 bread rations
 p - 40 fruits
 q - 7 meat rations


   Skills:
 + Level 3.6 Fighting
 + Level 2.9 Staves
 + Level 3.1 Bows
 - Level 0.4 Armour
 - Level 1.7 Dodging
 + Level 3.2 Spellcasting
 + Level 5.8 Hexes
 + Level 3.1 Evocations


You had 2 spell levels left.
You knew the following spells:

 Your Spells              Type           Power        Failure   Level  Hunger
a - Corona                Hex            ###....      4%          1    #......
b - Inner Flame           Hex/Fire       #.......     38%         3    ###....
c - Portal Projectile     Hex/Tloc       #.....       38%         3    ###....


Dungeon Overview and Level Annotations

Branches:
Dungeon (1/1)

Altars:
Ashenzari
Cheibriados
Dithmenos
Elyvilon
Fedhas
Gozag
Hepliaklqana
Kikubaaqudgha
Makhleb
Nemelex Xobeh
Okawaru
Qazlal
Ru
Sif Muna
Trog
Uskayaw
Vehumet
Xom
Yredelemnul
Zin
The Shining One
Beogh
Jiyva
Lugonu


Innate Abilities, Weirdness & Mutations

You cannot be hasted, slowed, berserked, paralysed or teleported.
You can dig through walls and to a lower floor.
Your four strong arms can wield two-handed weapons with a shield.
You have a pair of large antennae on your head. (SInv)


Message History

The arrow closely misses the orc wizard.
The arrow hits the quokka zombie!
You destroy the quokka zombie!
Sif Muna accepts your kill.
Firing (i - inventory):
d - 12 arrows (quivered)
Press: ? - help, Shift-Dir - straight line, f/p - orc wizard
Aim: an orc wizard, wielding a dagger and wearing a robe (almost dead, slightly transparent, inner flame)
You shoot an arrow. The arrow hits the orc wizard.
The orc wizard explodes!
The fiery explosion engulfs you!
Ouch! That really hurt!
* * * LOW HITPOINT WARNING * * *
Sif Muna accepts your kill.
Sif Muna is protecting you from the effects of miscast magic.
Your Bows skill increases to level 3!
Your Spellcasting skill increases to level 3!
Your Evocations skill increases to level 3!
You are engulfed in blazing flames.
Ouch! That really hurt!
You die...

##########'##.....
#.?(.')))'.##.....
##########.##.....
#..........)'.....
#'#####'#####.....
#.#...#.#..##.....
#.#...#.#))#####'#
#.#...).#))##.....
#@##)####))##.....
#§#.....#[!##.....
#§#.†...#'###...<.
#h#........##.....
#g#........##.....
#n###########.....


#oh {{ ###### #..({ { ##.#. { You could see a necrophage, an orc priest, 2
jackals and a hobgoblin.

Vanquished Creatures
  An orc wizard (D)
  A worker ant (D)
  A gnoll (D)
  An ooze (D)
  An adder skeleton (D)
  A bat (D)
  2 goblins (D)
  3 jackals (D)
  A ball python zombie (D)
  A quokka zombie (D)
13 creatures vanquished.

Notes
Turn   | Place    | Note
-------+----------+-------------------------------------------
     0 | D        | potatolord6000 the Formicid Arcane Marksman began the quest for the Orb.
     0 | D        | Reached XP level 1. HP: 15/15 MP: 2/2
    45 | D        | Found a bloodstained altar of Trog.
    45 | D        | Found a deep blue altar of Sif Muna.
    45 | D        | Found a viscous altar of Jiyva.
    45 | D        | Found a hazy altar of Hepliaklqana.
    45 | D        | Found an opulent altar of Gozag.
    46 | D        | Found a glowing golden altar of the Shining One.
    46 | D        | Found a glowing silver altar of Zin.
    46 | D        | Found a basalt altar of Yredelemnul.
    46 | D        | Found a shimmering altar of Xom.
    46 | D        | Found a sacrificial altar of Ru.
    46 | D        | Found a stormy altar of Qazlal.
    46 | D        | Found an iron altar of Okawaru.
    46 | D        | Found a sparkling altar of Nemelex Xobeh.
    46 | D        | Found a burning altar of Makhleb.
    46 | D        | Found a blossoming altar of Fedhas.
    46 | D        | Found a white marble altar of Elyvilon.
    46 | D        | Found a shadowy altar of Dithmenos.
    46 | D        | Found a snail-covered altar of Cheibriados.
    48 | D        | Found a radiant altar of Vehumet.
    48 | D        | Found a corrupted altar of Lugonu.
    48 | D        | Found a roughly hewn altar of Beogh.
    50 | D        | Found an ancient bone altar of Kikubaaqudgha.
    50 | D        | Found a hide-covered altar of Uskayaw.
    50 | D        | Found a shattered altar of Ashenzari.
    51 | D        | Became a worshipper of Sif Muna the Loreminder
    66 | D        | Noticed a worker ant
    72 | D        | Killed a worker ant
    72 | D        | Reached skill level 1 in Staves
    72 | D        | Reached skill level 4 in Hexes
    72 | D        | Reached skill level 1 in Evocations
    72 | D        | Reached XP level 2. HP: 10/23 MP: 3/5
    72 | D        | Reached XP level 3. HP: 12/28 MP: 3/6
   252 | D        | Learned a level 3 spell: Inner Flame
   308 | D        | Reached * piety under Sif Muna
   308 | D        | Reached skill level 5 in Hexes
   334 | D        | Reached XP level 4. HP: 34/35 MP: 8/8
   417 | D        | Learned a level 3 spell: Portal Projectile
   437 | D        | Noticed a necrophage
   447 | D        | Reached ** piety under Sif Muna
   447 | D        | Engulfed by a cloud of flame

Skill      XL: |  1  2  3  4 |
---------------+-------------+-----
Fighting       | 2 3 |  3.6
Staves         | 1 2 |  2.9
Bows           | 2 3 |  3.1
Spellcasting   | 2 3 |  3.2
Hexes          | 4 5 |  5.8
Evocations     | 1 2 3 |  3.1
Armour         | |  0.4
Dodging        | |  1.7

Action                   |  1- 3 |  4- 6 || total
-------------------------+-------+-------++-------
Melee: Staff             |    28 |     4 ||    32
 Fire: Shortbow          |    13 |     7 ||    20
 Cast: Portal Projectile |       |     1 ||     1
       Inner Flame       |       |     1 ||     1
  Use: Scroll            |     1 |       ||     1
       Potion            |     2 |       ||     2
Armor: Robe              |     5 |       ||     5
       Ring mail         |       |     2 ||     2
Dodge: Dodged            |    29 |     5 ||    34
